 Dungeon Crawl Stone Soup version 0.28.0 (webtiles) character file.

Game seed: 8817415835706478635

3219 jimeh the Geomancer (level 9, -2/54 HPs)
             Began as a Gargoyle Earth Elementalist on Feb 7, 2022.
             Was a Follower of Vehumet.
             Slain by a polar bear (6 damage)
             ... on level 8 of the Dungeon.
             The game lasted 00:22:33 (7914 turns).

jimeh the Geomancer (Gargoyle Earth Elementalist)   Turns: 7914, Time: 00:22:33

Health: -2/54      AC: 19    Str: 12    XL:     9   Next: 97%
Magic:  2/12       EV: 11    Int: 20    God:    Vehumet [*.....]
Gold:   196        SH:  5    Dex: 10    Spells: 2/12 levels left

rFire   + + +      SeeInvis .   k - +3 Elemental Staff {rElec rF++ rC++ AC+5}
rCold   + + +      Faith    .   (no shield)
rNeg    + . .      Spirit   .   C - +0 acid dragon scales
rPois   ∞          Reflect  +   H - +1 hat
rElec   +          Harm     .   a - scarf {rC+ rF+}
rCorr   +          Rampage  .   (no gloves)
Will    .....                   (no boots)
Stlth   +.........              J - amulet of reflection
HPRegen 0.18/turn               G - ring of protection from cold
MPRegen 0.13/turn               (no ring)

@: no status effects
A: sickness immunity, AC +6, negative energy resistance 1, electricity
resistance, torment resistance 1, petrification resistance
a: Renounce Religion


You were on level 8 of the Dungeon.
You worshipped Vehumet.
Vehumet was aware of your devotion.
You visited 2 branches of the dungeon, and saw 9 of its levels.

You collected 346 gold pieces.
You spent 150 gold pieces at shops.

Inventory:

Hand Weapons
 i - a +0 whip
 k - the +3 Elemental Staff (weapon) {rElec rF++ rC++ AC+5}
   (You acquired it on level 8 of the Dungeon)

   If the wielder is skilled in Evocations, they can discharge powerful blasts
   of elemental energy when striking with it.
   It enhances your fire, ice, earth and air magic.
   AC:        It affects your AC (+5).
   rF:        It greatly protects you from fire.
   rC:        It greatly protects you from cold.
   rElec:     It insulates you from electricity.
 v - a +0 flail
 I - a +1 whip of electrocution
Missiles
 c - 71 stones
 y - 2 throwing nets
Armour
 a - a scarf of resistance (worn)
 b - a +0 robe
 r - a +2 cloak
 C - +0 acid dragon scales (worn)
 H - a +1 hat (worn)
Magical Staves
 e - a staff of poison
Jewellery
 G - a ring of protection from cold (left hand)
 J - an amulet of reflection (around neck)
Wands
 x - a wand of charming (15)
 B - a wand of mindburst (16)
Scrolls
 g - 3 scrolls of fog
 j - 2 scrolls of magic mapping
 m - 4 scrolls of blinking
 u - a scroll of silence {unknown}
 w - 4 scrolls of fear
 z - a scroll of vulnerability {unknown}
 A - 2 scrolls of enchant weapon {unknown}
 D - 3 scrolls of enchant armour
 K - a scroll of teleportation {unknown}
Potions
 d - a potion of cancellation {unknown}
 f - a potion of flight {unknown}
 h - a potion of mutation {unknown}
 l - 4 potions of heal wounds
 o - a potion of berserk rage {unknown}
 p - a potion of resistance {unknown}
 q - 2 potions of attraction
 t - 2 potions of degeneration
 E - a potion of curing {unknown}
 F - a potion of might {unknown}
 L - a potion of haste


   Skills:
 - Level 5.2 Fighting
 + Level 2.1 Staves
 - Level 5.0 Armour
 - Level 1.5 Dodging
 - Level 2.1 Stealth
 - Level 2.0 Spellcasting
 - Level 0.7 Transmutations
 - Level 14.0 Earth Magic


You had 2 spell levels left.
You knew the following spells:

 Your Spells              Type           Power      Damage    Failure   Level
a - Sandblast             Erth           100%       2d20      1%          1
b - Stone Arrow           Conj/Erth      90%        3d12      3%          3
c - Passwall              Tmut/Erth      39%        N/A       1%          2
d - Petrify               Tmut/Erth      47%        N/A       11%         4

Your spell library contained the following spells:

 Spells                   Type           Power      Damage    Failure   Level
 Magic Dart               Conj           8%         1d3       22%         1
 Ozocubu's Armour         Ice            3%         N/A       56%         3
 Metabolic Englaciation   Hex/Ice        1%         N/A       99%         5
 Simulacrum               Ice/Necr       1%         N/A       100%        6


Dungeon Overview and Level Annotations

Branches:
Dungeon (8/15)             Temple (1/1) D:4
   Lair: D:8-11

Altars:
Cheibriados
Elyvilon
Hepliaklqana
Kikubaaqudgha
Makhleb
Nemelex Xobeh
Qazlal
Ru
Sif Muna
Trog
Uskayaw
Vehumet
Wu Jian
Xom
Zin
The Shining One

Shops:
D:6 [   D:7 :   D:8 *(


Innate Abilities, Weirdness & Mutations

You are immune to sickness and miasma.
Your stone body is resilient. (AC +6)
You are immune to poison.
You resist negative energy. (rN+)
You are resistant to electric shocks. (rElec)
You are resistant to unholy torment.
You are immune to petrification.


Message History

Casting: Stone Arrow (dangerous; 3% risk of failure)
Confirm with . or Enter, or press ? or * to list all spells.
You can't see any susceptible monsters within range! (Use Z to cast anyway.)
Casting: Stone Arrow (dangerous; 3% risk of failure)
Confirm with . or Enter, or press ? or * to list all spells.
Aiming: Stone Arrow (dangerous; 3% risk of failure)
Press: ? - help, Shift-Dir - straight line, f - polar bear
Aim: a polar bear (82% to hit)
You feel a surge of power!
The stone arrow hits the polar bear!
The polar bear is moderately wounded.
Casting: Stone Arrow (dangerous; 3% risk of failure)
Confirm with . or Enter, or press ? or * to list all spells.
Aiming: Stone Arrow (dangerous; 3% risk of failure)
Press: ? - help, Shift-Dir - straight line, f/p - polar bear
Aim: a polar bear (moderately wounded, 82% to hit)
You feel a surge of power!
The stone arrow hits the polar bear!
The polar bear is heavily wounded.
You feel a surge of power!
The blast of sand hits the polar bear!!
The polar bear is almost dead.
The polar bear goes berserk!
You feel a surge of power!
The blast of sand hits the polar bear but does no damage.
The polar bear is almost dead.
The polar bear bites you! You block the polar bear's attack.
The polar bear claws you but does no damage.
You hear two shouts!
You feel a surge of power!
The blast of sand hits the polar bear but does no damage.
The polar bear is almost dead.
The polar bear bites you! You block the polar bear's attack.
The polar bear claws you but does no damage.
You feel a surge of power!
The blast of sand misses the polar bear.
The polar bear bites you! The polar bear closely misses you.
The polar bear claws you.
* * * LOW HITPOINT WARNING * * *
The polar bear bites you!
* * * LOW HITPOINT WARNING * * *
The polar bear claws you.
You die...

... .. .## . .. ..
... .. .. .##..# 5..
#. ..#..# ## ....
#.##. ...##..
.....#.#.##........
........h@..........
......8..............
.......##............
......< ##...........
....... #............
....#.∩##............
...##..#.............
... #.8............≈.
...##.........≈≈(..≈.


You could see a polar bear (berserk).

Vanquished Creatures
  Pikel (D:7)
  2 centaur zombies (D:6)
  Maggie (D:6)
  A yak (D:8)
  2 water moccasins
  2 sky beasts (D:6)
  An orc warrior (D:7)
  A black bear (D:5)
  An ogre (D:5)
  3 centaurs
  A scorpion (D:6)
  A water moccasin skeleton (D:5)
  6 killer bees (D:7)
  4 hounds
  3 jellies
  2 centaur skeletons
  2 iguanas (D:7)
  A bullfrog skeleton (D:5)
  4 orc wizards
  A howler monkey zombie (D:6)
  3 adders (D:6)
  7 gnolls
  A shadow imp (D:7)
  4 white imps
  An adder skeleton (D:4)
  3 worms
  2 dart slugs
  13 orcs
  3 ball pythons
  7 endoplasms
  4 giant cockroaches
  5 goblins
  4 hobgoblins
  3 quokkas
  10 bats
  5 frilled lizards
  5 kobolds
  3 rats
123 creatures vanquished.

Vanquished Creatures (others)
  A plant (D:6)
1 creature vanquished.

Grand Total: 124 creatures vanquished

Notes
Turn   | Place    | Note
-------+----------+-------------------------------------------
     0 | D:1      | jimeh the Gargoyle Earth Elementalist began the quest for
                  | the Orb.
     0 | D:1      | Reached XP level 1. HP: 10/10 MP: 3/3
   237 | D:1      | Reached skill level 4 in Earth Magic
   354 | D:1      | Reached XP level 2. HP: 3/15 MP: 1/5
   626 | D:1      | Learned a level 2 spell: Passwall
  1175 | D:1      | Reached XP level 3. HP: 19/19 MP: 6/6
  1272 | D:1      | Reached skill level 5 in Earth Magic
  1567 | D:2      | Found a faded altar of an unknown god.
  1829 | D:2      | Reached XP level 4. HP: 24/24 MP: 1/7
  1857 | D:2      | Reached skill level 6 in Earth Magic
  2912 | D:3      | Found a sparkling altar of Nemelex Xobeh.
  2921 | D:3      | Reached XP level 5. HP: 28/28 MP: 5/8
  3147 | D:4      | Learned a level 3 spell: Stone Arrow
  3185 | D:4      | Found an ancient bone altar of Kikubaaqudgha.
  3191 | D:4      | Reached skill level 7 in Earth Magic
  3209 | D:4      | Found a staircase to the Ecumenical Temple.
  3222 | Temple   | Entered the Ecumenical Temple
  3363 | Temple   | Became a worshipper of Vehumet
  3666 | D:4      | Found a shimmering blue altar of Sif Muna.
  4031 | D:5      | Entered Level 5 of the Dungeon
  4055 | D:5      | Reached skill level 8 in Earth Magic
  4055 | D:5      | Reached XP level 6. HP: 32/32 MP: 4/9
  4612 | D:5      | Found a shimmering altar of Xom.
  4669 | D:5      | Noticed a black bear
  4672 | D:5      | Killed a black bear
  4673 | D:5      | Reached skill level 9 in Earth Magic
  4673 | D:5      | Reached XP level 7. HP: 36/36 MP: 7/10
  5044 | D:5      | Reached skill level 10 in Earth Magic
  5235 | D:5      | Learned a level 4 spell: Petrify
  5244 | D:6      | Reached skill level 11 in Earth Magic
  5244 | D:6      | Reached XP level 8. HP: 30/41 MP: 3/11
  5368 | D:6      | Reached * piety under Vehumet
  5368 | D:6      | Offered knowledge of Magic Dart by Vehumet.
  5369 | D:6      | Reached skill level 12 in Earth Magic
  5446 | D:6      | Found Kagh's Armour Emporium.
  5704 | D:6      | Reached skill level 13 in Earth Magic
  5879 | D:6      | Noticed Maggie
  5887 | D:6      | Killed Maggie
  5888 | D:6      | Reached XP level 9. HP: 38/45 MP: 4/12
  6123 | D:6      | Reached skill level 14 in Earth Magic
  6701 | D:7      | Reached skill level 1 in Armour
  6958 | D:7      | Reached skill level 1 in Fighting
  7132 | D:7      | Reached skill level 5 in Armour
  7239 | D:7      | Noticed Pikel
  7265 | D:7      | Killed Pikel
  7425 | D:7      | Found Uckoy's Self-Improvement Boutique.
  7658 | D:7      | Found a snail-covered altar of Cheibriados.
  7721 | D:7      | Reached skill level 5 in Fighting
  7786 | D:8      | Found Xalak's General Store.
  7792 | D:8      | Bought a potion of haste for 150 gold pieces
  7801 | D:8      | Identified a scroll of acquirement
  7801 | D:8      | Acquired the +3 Elemental Staff {rElec rF++ rC++ AC+5}
  7801 | D:8      | Found the +3 Elemental Staff {rElec rF++ rC++ AC+5}
  7904 | D:8      | Found Sapnielo's Antique Weapon Emporium.
  7904 | D:8      | Noticed a polar bear
  7914 | D:8      | Slain by a polar bear

Illustrated notes

Levels and vault maps discovered:
D:1:      amcnicky_arrival_double_pillar, layout_basic, minmay_door_square,
          serial_bayou_lagoon_b
D:2:      layout_basic, chequers_ecumenical_altar_simple_redux
D:3:      layout_basic, mainiacjoe_overflow_swirl, grunt_ministairs_7
D:4:      layout_basic, mainiacjoe_overflow_24_doors, mainiacjoe_overflow_paths,
          minmay_temple_entry_statues_fountains
D:5:      layout_gridville, tgw_xom
D:6:      layout_basic, serial_shops, kennysheep_mini, serial_bayou_pond_a,
          uniq_maggie
D:7:      layout_basic, slow_altar_1, nicolae_shop_self_help, uniq_pikel
D:8:      layout_cave_pools, erik_lair_orcish_takeover, serial_shops,
          shop_statue, nicolae_stop_n_shop_1, shop, nicolae_shop_waterfront,
          nicolae_shop_crystal, serial_ice, serial_ice_c, serial_ice_a,
          serial_ice_j, serial_ice_m, serial_ice_h, serial_ice_f
Temple:   jpeg_temple_clearing

Skill      XL: |  1  2  3  4  5  6  7  8  9 |
---------------+----------------------------+-----
Earth Magic    | 4 5 6 8 9 11 13 14 | 14.0
Armour         | 5 |  5.0
Fighting       | 5 |  5.2
Staves         | 2 |  2.1
Dodging        | |  1.5
Stealth        | |  2.1
Spellcasting   | |  2.0
Transmutations | |  0.7

Action                   |  1- 3 |  4- 6 |  7- 9 || total
-------------------------+-------+-------+-------++-------
Melee: Unarmed           |     1 |       |       ||     1
       Staff             |    42 |    60 |     2 ||   104
       Whip              |       |       |     9 ||     9
 Cast: Sandblast         |    26 |    62 |    74 ||   162
       Stone Arrow       |       |     2 |    15 ||    17
  Use: Scroll            |       |       |    10 ||    10
 Stab: Sleeping          |     1 |     1 |       ||     2
Armor: Robe              |    22 |    43 |    18 ||    83
       Acid dragon scale |       |       |     9 ||     9
Dodge: Dodged            |    38 |    57 |    37 ||   132
Block: Other             |       |       |     5 ||     5
